 Dungeon Crawl Stone Soup version 0.29-a0-1023-g6ae1a4a2c7 (webtiles) character file.

Game seed: 6237575017683801974

121 BritishOli the Trooper (level 4, -2/35 HPs)
             Began as a Demonspawn Gladiator on Aug 11, 2022.
             Slain by a gnoll
             ... wielding a +0 spear
              (3 damage)
             ... on level 3 of the Dungeon.
             The game lasted 00:01:47 (2960 turns).

BritishOli the Trooper (Demonspawn Gladiator)       Turns: 2960, Time: 00:01:48

Health: -2/35      AC:  7    Str: 16    XL:     4   Next: 76%
Magic:  4/4        EV: 10    Int:  9    God:
Gold:   119        SH:  0    Dex: 15    Spells: 3/3 levels left

rFire   . . .      SeeInvis .   a - +0 long sword
rCold   . . .      Faith    .   (no shield)
rNeg    . . .      Spirit   .   o - +0 scale mail
rPois   .          Reflect  .   (helmet restricted)
rElec   .          Harm     .   (no cloak)
rCorr   +          Rampage  .   m - +0 pair of gloves
Will    .....                   (no boots)
Stlth   ..........              (no amulet)
HPRegen 0.11/turn               l - ring of resist corrosion
MPRegen 0.09/turn               (no ring)

@: no status effects
A: horns 1
a: no special abilities


You were on level 3 of the Dungeon.
You visited 1 branch of the dungeon, and saw 3 of its levels.

You collected 119 gold pieces.

Inventory:

Hand Weapons
 a - a +0 long sword (weapon)
Missiles
 d - 3 throwing nets (quivered)
 e - a javelin
Armour
 b - a +0 leather armour
 c - a +0 helmet
 m - a +0 pair of gloves (worn)
 o - a +0 scale mail (worn)
Jewellery
 l - a ring of resist corrosion (left hand)
Scrolls
 i - 2 scrolls of identify {unknown}
 j - 2 scrolls of magic mapping {unknown}
Potions
 f - a potion of degeneration {unknown}
 g - a potion of cancellation {unknown}
 h - a potion of heal wounds {unknown}
 k - 2 potions of attraction {unknown}
 n - a potion of haste {unknown}


   Skills:
 * Level 3.4 Fighting
 + Level 3.3 Long Blades
 - Level 2.0 Throwing
 + Level 1.3 Armour
 + Level 3.3 Dodging


You had 3 spell levels left.
You didn't know any spells.
Your spell library contained the following spells:

 Spells                   Type           Power      Damage    Failure   Level
 Inner Flame              Hex/Fire       0%         N/A       99%         3
 Cause Fear               Hex            0%         N/A       100%        4
 Discord                  Hex            0%         N/A       100%        8


Dungeon Overview and Level Annotations

Branches:
Dungeon (3/15)

Altars:


Innate Abilities, Weirdness & Mutations

You have a pair of small horns on your head.


Message History

You kill the gnoll!
The gnoll hits you but does no damage.
The gnoll hits you from afar with a +0 spear.
You slash the gnoll!
The gnoll is severely wounded.
The gnoll hits you from afar with a +0 spear!
The gnoll hits you from afar with a +0 spear.
* * * LOW HITPOINT WARNING * * *
You are too injured to fight recklessly!
You are too injured to fight recklessly!
You are too injured to fight recklessly!
You are too injured to fight recklessly!
You barely miss the gnoll. Your headbutt misses the gnoll.
The gnoll is severely wounded.
The gnoll hits you but does no damage. x2
You hit the gnoll.
You kill the gnoll!
The gnoll hits you from afar with a +0 spear.
* * * LOW HITPOINT WARNING * * *
The gnoll hits you but does no damage.
You see here an adder corpse.
You barely miss the gnoll. You headbutt the gnoll.
The gnoll is moderately wounded.
The gnoll hits you but does no damage.
The gnoll hits you from afar with a +0 spear.
* * * LOW HITPOINT WARNING * * *
You slash the gnoll! You headbutt the gnoll.
You kill the gnoll!
The gnoll closely misses you. The gnoll hits you but does no damage.
Unknown command.
The gnoll completely misses you.
You see here a +0 whip.
You hit the gnoll.
The gnoll is moderately wounded.
The gnoll hits you with a +0 spear.
* * * LOW HITPOINT WARNING * * *
You hit the gnoll but do no damage. Your headbutt misses the gnoll.
The gnoll is moderately wounded.
The gnoll hits you with a +0 spear.
You die...

###########
######.........#
###......#######.#
..#.#.#..# #†#
..+......# #@#
..#.##...#####
#)g.#
#.#..........#
###.#
#<#..#.#####.# .#
###..#.# #
###..#.# .....#.#
####.#.###
...#.#...##


You could see a gnoll.

Vanquished Creatures
  3 gnolls (D:3)
  4 adders
  2 dart slugs (D:1)
  5 ball pythons
  5 endoplasms
  A giant cockroach (D:3)
  A goblin (D:1)
  6 hobgoblins
  7 jackals (D:2)
  2 quokkas (D:1)
  5 bats
  2 frilled lizards
  4 kobolds
  4 rats
51 creatures vanquished.

Notes
Turn   | Place    | Note
-------+----------+-------------------------------------------
     0 | D:1      | BritishOli the Demonspawn Gladiator began the quest for the
                  | Orb.
     0 | D:1      | Reached XP level 1. HP: 16/16 MP: 1/1
   367 | D:1      | Gained mutation: You have a pair of small horns on your
                  | head. [demonic ancestry]
   367 | D:1      | Reached XP level 2. HP: 22/22 MP: 2/2
   716 | D:1      | You fall into a shaft and drop 1 floor!
   897 | D:1      | Reached XP level 3. HP: 12/28 MP: 3/3
  1658 | D:2      | Found a faded altar of an unknown god.
  1750 | D:2      | Reached skill level 1 in Armour
  2286 | D:2      | Reached XP level 4. HP: 35/35 MP: 4/4
  2959 | D:3      | HP: 1/35 [gnoll/+0 spear (5)]
  2960 | D:3      | Slain by a gnoll

Illustrated notes

Levels and vault maps discovered:
D:1:      pf_arrival_petrified_forest, layout_basic, st_stairs_7
D:2:      layout_basic, hellmonk_ecumenical_altar_dog_temple,
          nicolae_hexahallways
D:3:      layout_basic, lemuel_crystal_altar,
          mainiacjoe_overflow_six_doors_small, gammafunk_ghost_nasty_kobolds

Skill      XL: |  1  2  3 |
---------------+----------+-----
Throwing       | 2 |  2.0
Long Blades    | 3 |  3.3
Dodging        | 3 |  3.3
Armour         | 1 |  1.3
Fighting       | 3 |  3.4

Action                   |  1- 3 |  4- 6 || total
-------------------------+-------+-------++-------
Melee: Long sword        |   118 |    41 ||   159
       Punch             |     2 |       ||     2
       Headbutt          |    11 |     5 ||    16
 Stab: Sleeping          |       |     1 ||     1
Armor: Leather armour    |    36 |     8 ||    44
       Scale mail        |       |    13 ||    13
Dodge: Dodged            |   112 |    26 ||   138

Table legend: (Time is in decaauts)
 A = Elapsed time spent in this place.
 B = Non-inter-level travel time spent in this place.
 C = Inter-level travel time spent in this place.
 D = Time resting spent in this place.
 E = Time spent auto-exploring this place.
 F = Levels seen in this place.
 G = Mean time per level.
                   A        B        C        D        E       F      G
               +--------+--------+--------+--------+--------+-----+--------+
         Total |   3000 |   2968 |     32 |    926 |   1666 |   3 | 1000.0 |
       Dungeon |   3000 |   2968 |     32 |    926 |   1666 |   3 | 1000.0 |
               +--------+--------+--------+--------+--------+-----+--------+

Top non-repeatable levels by time:
     D:1: 1406 daAuts
     D:2: 1301 daAuts
     D:3: 292 daAuts
